General information
- name: BNet
- type: Ladder team game (AT/RT)
- host: Battle.net
- saver: TONYDUNGONYAY
map: Cherryville
- players: 8
- length: 59:59
- speed: Fast
- version: 1.26 W3XP
- replay type: Public
» download(294 KB)
Players
team 1 (loser)

»
abcdefl (
purple | 55 APM | 2032 actions | 36:39)
3 Archmage
2 Blizzard
1 Brilliance Aura
2 Blood Mage
1 Flame Strike
1 Banish
2 Pit Lord
1 Rain of Fire
1 Howl of Terror
» actions
| Assign group hotkey | 10 | |
| Basic commands | 29 | |
| Build / train | 46 | |
| ESC pressed | 6 | |
| Enter build submenu | 17 | |
| Enter hero's abilities submenu | 7 | |
| Give item / drop item | 7 | |
| Right click | 1150 | |
| Select / deselect | 334 | |
| Select group hotkey | 322 | |
| Use ability | 103 | |
2032 total
» units
| Peasant | 15 | |
| Goblin Zeppelin | 2 | |
17 total
» buildings
| Altar of Kings | 1 | |
| Farm | 4 | |
| Lumber Mill | 1 | |
| Arcane Vault | 1 | |
| Keep | 1 | |
| Scout Tower | 3 | |
| Arcane Tower | 1 | |
| Guard Tower | 4 | |
| Castle | 1 | |
| Town Hall | 3 | |
20 total
» build order
00:04 Altar of Kings
00:09 Farm
01:24 Lumber Mill
01:38 Farm
02:33 Arcane Vault
02:40 Keep
03:02 Scout Tower
03:16 Arcane Tower
04:33 Scout Tower
04:47 Scout Tower
04:48 Guard Tower
04:48 Guard Tower
05:04 Castle
05:19 Guard Tower
08:45 Farm
09:33 Farm
11:28 Guard Tower
15:55 Town Hall
35:49 Town Hall
36:37 Town Hall
» items
| Scroll of Regeneration | 4 | |
| Potion of Healing | 1 | |
| Ivory Tower | 3 | |
| Boots of Speed | 1 | |
| Staff of Teleportation | 3 | |
12 total
KODOS_WAS_TAKEN (
green | 46 APM | 2754 actions | 59:56)
6 Dreadlord
2 Sleep
3 Vampiric Aura
1 Inferno
6 Death Knight
3 Death Coil
3 Unholy Aura
» actions
| Assign group hotkey | 120 | |
| Basic commands | 108 | |
| Build / train | 123 | |
| ESC pressed | 1 | |
| Enter build submenu | 30 | |
| Enter hero's abilities submenu | 12 | |
| Give item / drop item | 4 | |
| Remove unit from queue | 7 | |
| Right click | 1097 | |
| Select / deselect | 643 | |
| Select group hotkey | 457 | |
| Use ability | 152 | |
2754 total
» units
| Acolyte | 14 | |
| Ghoul | 5 | |
| Crypt Fiend | 9 | |
| Obsidian Statue | 11 | |
| Banshee | 3 | |
| Footman | -1 | |
| Rifleman | 4 | |
| Sorceress | 1 | |
| Abomination | 2 | |
| Necromancer | 1 | |
49 total
» upgrades
| Creature Attack | 3 | |
| Creature Carapace | 3 | |
| Web | 1 | |
| Destroyer Form | 1 | |
| Backpack | 1 | |
| Burrow | 1 | |
| Ghoul Frenzy | 1 | |
| Unholy Armor | 3 | |
| Unholy Strength | 3 | |
| Banshee Training | 2 | |
| Disease Cloud | 1 | |
| Cannibalize | 1 | |
| Exhume Corpses | 1 | |
| Stone Form | 1 | |
| Skeletal Longevity | 1 | |
| Necromancer Training | 2 | |
| Skeletal Mastery | 1 | |
27 total
» buildings
| Altar of Darkness | 1 | |
| Ziggurat | 19 | |
| Crypt | 1 | |
| Graveyard | 1 | |
| Nerubian Tower | 1 | |
| Tomb of Relics | 1 | |
| Halls of the Dead | 1 | |
| Spirit Tower | 10 | |
| Slaughterhouse | 1 | |
| Black Citadel | 1 | |
| Temple of the Damned | 1 | |
| Necropolis | 2 | |
40 total
» build order
00:09 Altar of Darkness
00:13 Ziggurat
00:39 Crypt
01:02 Graveyard
01:11 Nerubian Tower
01:35 Ziggurat
03:20 Tomb of Relics
03:24 Ziggurat
04:13 Halls of the Dead
05:48 Spirit Tower
06:58 Ziggurat
08:24 Slaughterhouse
09:32 Black Citadel
09:41 Ziggurat
09:42 Ziggurat
09:47 Ziggurat
11:05 Spirit Tower
13:11 Spirit Tower
18:05 Spirit Tower
19:34 Temple of the Damned
22:23 Ziggurat
27:23 Ziggurat
27:23 Ziggurat
27:24 Ziggurat
27:26 Ziggurat
27:28 Ziggurat
30:08 Spirit Tower
30:09 Spirit Tower
31:34 Ziggurat
31:47 Ziggurat
31:49 Ziggurat
31:50 Ziggurat
32:33 Spirit Tower
32:50 Spirit Tower
36:13 Ziggurat
36:14 Ziggurat
38:01 Spirit Tower
38:01 Spirit Tower
56:02 Necropolis
58:39 Necropolis
» items
| Potion of Healing | 1 | |
| Staff of Teleportation | 2 | |
| Orb of Corruption | 3 | |
| Scroll of Healing | 1 | |
| Boots of Speed | 1 | |
| Periapt of Vitality | 1 | |
| Scroll of Town Portal | 3 | |
12 total
TombStone (
teal | 8 APM | 502 actions | 59:22)
1 Tauren Chieftain
1 Endurance Aura
» actions
| Basic commands | 12 | |
| Build / train | 75 | |
| Enter build submenu | 39 | |
| Enter hero's abilities submenu | 1 | |
| Right click | 101 | |
| Select / deselect | 203 | |
| Use ability | 71 | |
502 total
» units
| Peon | 42 | |
| Grunt | 6 | |
| Troll Headhunter/Berserker | 25 | |
73 total
» buildings
| Barracks | 2 | |
| Orc Burrow | 15 | |
| War Mill | 2 | |
| Altar of Storms | 1 | |
| Watch Tower | 6 | |
| Voodoo Lounge | 2 | |
| Great Hall | 2 | |
30 total
» build order
00:19 Barracks
01:02 Orc Burrow
01:40 War Mill
02:06 Orc Burrow
03:14 Altar of Storms
03:53 Orc Burrow
04:37 Orc Burrow
05:19 Watch Tower
06:00 Orc Burrow
07:04 Watch Tower
07:40 Watch Tower
07:45 Watch Tower
08:01 Watch Tower
10:20 Watch Tower
16:11 Orc Burrow
16:18 Orc Burrow
18:10 Orc Burrow
20:28 Voodoo Lounge
22:19 Orc Burrow
23:57 Great Hall
24:55 Great Hall
27:53 Orc Burrow
28:23 Orc Burrow
28:53 Barracks
28:59 Voodoo Lounge
29:44 Orc Burrow
29:48 Orc Burrow
30:15 Orc Burrow
30:22 War Mill
31:42 Orc Burrow
massitems (
yellow | 49 APM | 1574 actions | 32:00)
5 Mountain King
2 Thunder Clap
3 Storm Bolt
2 Paladin
1 Holy Light
1 Divine Shield
1 Archmage
1 Brilliance Aura
» actions
| Assign group hotkey | 71 | |
| Basic commands | 102 | |
| Build / train | 129 | |
| ESC pressed | 8 | |
| Enter build submenu | 43 | |
| Enter hero's abilities submenu | 8 | |
| Give item / drop item | 3 | |
| Right click | 350 | |
| Select / deselect | 361 | |
| Select group hotkey | 374 | |
| Use ability | 125 | |
1574 total
» units
| Peasant | 30 | |
| Footman | 3 | |
| Rifleman | 4 | |
| Dragonhawk Rider | 11 | |
| Mortar Team | 2 | |
| Spell Breaker | 5 | |
| Siege Engine | 7 | |
| Knight | 4 | |
66 total
» upgrades
| Swords | 3 | |
| Masonry | 3 | |
| Gunpowder | 4 | |
| Plating | 3 | |
| Armor | 4 | |
| Lumber Harvesting | 2 | |
| Control Magic | 1 | |
| Barrage | 1 | |
| Cloud | 1 | |
| Magic Sentry | 1 | |
| Animal War Training | 1 | |
24 total
» buildings
| Farm | 11 | |
| Altar of Kings | 1 | |
| Barracks | 1 | |
| Lumber Mill | 2 | |
| Blacksmith | 1 | |
| Town Hall | 3 | |
| Scout Tower | 21 | |
| Arcane Vault | 3 | |
| Keep | 1 | |
| Guard Tower | 8 | |
| Arcane Sanctum | 1 | |
| Workshop | 1 | |
| Gryphon Aviary | 1 | |
| Castle | 1 | |
56 total
» build order
01:04 Farm
01:06 Altar of Kings
01:08 Barracks
01:50 Farm
01:53 Farm
02:49 Lumber Mill
02:54 Blacksmith
03:05 Farm
04:45 Town Hall
04:50 Scout Tower
04:54 Arcane Vault
04:58 Scout Tower
05:50 Keep
06:12 Guard Tower
07:53 Arcane Vault
08:23 Farm
08:27 Farm
08:28 Farm
08:43 Arcane Sanctum
08:48 Workshop
08:59 Gryphon Aviary
09:04 Farm
09:10 Castle
10:09 Lumber Mill
10:19 Scout Tower
10:21 Scout Tower
10:25 Scout Tower
10:26 Scout Tower
11:44 Farm
11:45 Farm
11:51 Farm
13:16 Guard Tower
13:18 Guard Tower
13:24 Scout Tower
13:25 Scout Tower
13:27 Scout Tower
13:28 Scout Tower
13:30 Scout Tower
13:31 Scout Tower
15:01 Guard Tower
16:00 Guard Tower
16:23 Town Hall
17:14 Scout Tower
17:16 Arcane Vault
18:44 Guard Tower
25:21 Scout Tower
25:25 Scout Tower
25:27 Scout Tower
25:29 Scout Tower
26:14 Scout Tower
26:15 Scout Tower
26:18 Scout Tower
26:20 Scout Tower
26:45 Town Hall
27:37 Guard Tower
28:58 Guard Tower
» items
| Scroll of Regeneration | 2 | |
| Potion of Mana | 3 | |
| Potion of Healing | 2 | |
| Boots of Speed | 1 | |
| Potion of Lesser Invulnerability | 2 | |
| Scroll of Protection | 1 | |
| Scroll of Town Portal | 3 | |
14 total
team 2 (winner)
TONYDUNGONYAY (
red | 36 APM | 2165 actions | 59:59)
7 Mountain King
3 Storm Bolt
3 Bash
1 Avatar
» actions
| Assign group hotkey | 44 | |
| Basic commands | 40 | |
| Build / train | 148 | |
| Enter build submenu | 37 | |
| Enter hero's abilities submenu | 7 | |
| Give item / drop item | 5 | |
| Remove unit from queue | 1 | |
| Right click | 700 | |
| Select / deselect | 427 | |
| Select group hotkey | 596 | |
| Use ability | 160 | |
2165 total
» units
| Peasant | 21 | |
| Footman | 5 | |
| Goblin Shredder | 2 | |
| Gryphon Rider | 8 | |
| Siege Engine | 2 | |
| Sorceress | 7 | |
| Priest | 8 | |
| Mortar Team | 3 | |
| Knight | 3 | |
59 total
» upgrades
| Masonry | 3 | |
| Swords | 2 | |
| Armor | 2 | |
| Animal War Training | 1 | |
| Storm Hammers | 1 | |
| Barrage | 1 | |
| Gunpowder | 2 | |
| Flying Machine Bombs | 1 | |
| Flak Cannons | 1 | |
| Cloud | 1 | |
| Plating | 1 | |
| Magic Sentry | 1 | |
| Priest Training | 2 | |
| Sorceress Training | 2 | |
21 total
» buildings
| Barracks | 2 | |
| Farm | 15 | |
| Altar of Kings | 1 | |
| Scout Tower | 43 | |
| Arcane Vault | 1 | |
| Arcane Tower | 3 | |
| Keep | 3 | |
| Town Hall | 3 | |
| Lumber Mill | 1 | |
| Guard Tower | 31 | |
| Castle | 3 | |
| Gryphon Aviary | 3 | |
| Blacksmith | 1 | |
| Workshop | 2 | |
| Arcane Sanctum | 3 | |
| Altar of Elders | 1 | |
116 total
» build order
00:12 Barracks
00:22 Barracks
00:36 Farm
01:01 Altar of Kings
01:24 Farm
01:55 Scout Tower
02:15 Arcane Vault
02:22 Arcane Tower
02:23 Arcane Tower
02:30 Farm
02:31 Farm
02:32 Farm
02:33 Farm
03:21 Keep
04:26 Town Hall
04:33 Lumber Mill
04:37 Scout Tower
04:38 Scout Tower
05:40 Guard Tower
06:07 Castle
06:19 Gryphon Aviary
06:24 Gryphon Aviary
06:27 Guard Tower
06:40 Blacksmith
06:55 Scout Tower
06:56 Scout Tower
07:14 Farm
07:15 Farm
07:15 Farm
07:16 Farm
07:17 Farm
08:16 Guard Tower
08:32 Guard Tower
08:36 Scout Tower
08:36 Scout Tower
08:36 Scout Tower
08:39 Scout Tower
08:50 Gryphon Aviary
08:54 Scout Tower
08:56 Scout Tower
08:58 Scout Tower
08:58 Scout Tower
08:59 Scout Tower
09:35 Guard Tower
09:40 Guard Tower
09:59 Guard Tower
10:17 Guard Tower
10:19 Guard Tower
10:30 Guard Tower
10:31 Guard Tower
10:35 Guard Tower
10:35 Guard Tower
10:45 Guard Tower
10:49 Farm
10:53 Farm
10:54 Farm
11:32 Guard Tower
11:39 Workshop
11:40 Workshop
14:24 Scout Tower
14:25 Scout Tower
14:26 Scout Tower
14:26 Scout Tower
14:27 Scout Tower
14:49 Scout Tower
14:51 Scout Tower
14:51 Scout Tower
14:51 Scout Tower
15:25 Guard Tower
15:26 Guard Tower
15:36 Guard Tower
15:51 Arcane Sanctum
15:59 Guard Tower
16:11 Guard Tower
16:33 Guard Tower
17:20 Scout Tower
17:20 Scout Tower
17:21 Scout Tower
17:21 Scout Tower
18:04 Town Hall
18:05 Scout Tower
18:06 Scout Tower
18:07 Scout Tower
18:47 Guard Tower
20:04 Guard Tower
20:06 Arcane Tower
20:44 Keep
21:50 Scout Tower
21:50 Scout Tower
21:51 Scout Tower
21:51 Scout Tower
21:52 Scout Tower
21:53 Scout Tower
22:41 Guard Tower
23:11 Guard Tower
23:15 Castle
23:32 Guard Tower
26:13 Town Hall
38:22 Arcane Sanctum
38:23 Arcane Sanctum
39:09 Altar of Elders
» items
| Scroll of Regeneration | 5 | |
| Ivory Tower | 3 | |
| Orb of Lightning | 1 | |
| Potion of Healing | 1 | |
| Potion of Invisibility | 1 | |
| Potion of Lesser Invulnerability | 1 | |
| Scroll of Town Portal | 4 | |
| Staff of Teleportation | 1 | |
17 total

»
PokerTomrowNite (
blue | 81 APM | 2961 actions | 36:39)
5 Beastmaster
2 Summon Bear
3 Summon Quilbeast
5 Pandaren Brewmaster
3 Breath of Fire
2 Drunken Haze
» actions
| Assign group hotkey | 163 | |
| Basic commands | 74 | |
| Build / train | 60 | |
| ESC pressed | 19 | |
| Enter build submenu | 49 | |
| Enter hero's abilities submenu | 10 | |
| Give item / drop item | 15 | |
| Right click | 1527 | |
| Select / deselect | 485 | |
| Select group hotkey | 358 | |
| Use ability | 201 | |
2961 total
» units
» upgrades
| Well Spring | 1 | |
| Nature's Blessing | 1 | |
2 total
» buildings
| Altar of Elders | 1 | |
| Moon Well | 27 | |
| Ancient of Wonders | 8 | |
| Tree of Ages | 1 | |
| Hunter's Hall | 1 | |
| Tree of Eternity | 1 | |
| Ancient of War | 1 | |
| Ancient Protector | 5 | |
45 total
» build order
00:07 Altar of Elders
00:20 Moon Well
01:06 Moon Well
01:55 Ancient of Wonders
02:27 Moon Well
02:29 Moon Well
02:53 Tree of Ages
02:57 Moon Well
03:22 Moon Well
03:24 Moon Well
04:16 Moon Well
04:21 Moon Well
05:08 Hunter's Hall
05:18 Moon Well
05:49 Ancient of Wonders
05:51 Ancient of Wonders
06:09 Ancient of Wonders
06:11 Ancient of Wonders
06:33 Tree of Eternity
07:41 Ancient of War
07:58 Moon Well
08:57 Moon Well
10:14 Moon Well
11:05 Ancient Protector
11:09 Ancient Protector
11:14 Ancient Protector
11:48 Ancient Protector
14:47 Moon Well
17:20 Ancient Protector
18:35 Moon Well
18:38 Moon Well
18:40 Moon Well
19:11 Moon Well
19:11 Moon Well
20:28 Moon Well
20:30 Moon Well
20:33 Ancient of Wonders
22:29 Moon Well
23:18 Moon Well
23:20 Moon Well
23:23 Moon Well
23:25 Ancient of Wonders
23:29 Ancient of Wonders
24:28 Moon Well
24:29 Moon Well
» items
| Potion of Healing | 7 | |
| Moonstone | 5 | |
| Staff of Preservation | 2 | |
| Lesser Clarity Potion | 1 | |
| Boots of Speed | 2 | |
| Potion of Lesser Invulnerability | 1 | |
| Orb of Venom | 2 | |
| Staff of Teleportation | 2 | |
22 total
GucciSuit (
pink | 23 APM | 1364 actions | 59:57)
8 Blademaster
3 Wind Walk
3 Critical Strike
1 Bladestorm
1 Mirror Image
1 Beastmaster
1 Stampede
» actions
| Assign group hotkey | 7 | |
| Basic commands | 18 | |
| Build / train | 34 | |
| Enter build submenu | 25 | |
| Enter hero's abilities submenu | 9 | |
| Give item / drop item | 2 | |
| Right click | 995 | |
| Select / deselect | 130 | |
| Select group hotkey | 27 | |
| Use ability | 117 | |
1364 total
» units
» upgrades
| Spiked Barricades | 2 | |
| Reinforced Defenses | 1 | |
3 total
» buildings
| Altar of Storms | 1 | |
| Orc Burrow | 2 | |
| War Mill | 1 | |
| Stronghold | 1 | |
| Voodoo Lounge | 1 | |
| Fortress | 1 | |
| Watch Tower | 31 | |
| Great Hall | 1 | |
39 total
» build order
00:44 Altar of Storms
00:50 Orc Burrow
02:12 War Mill
02:33 Orc Burrow
02:57 Stronghold
03:37 Voodoo Lounge
05:48 Fortress
05:58 Watch Tower
08:17 Watch Tower
08:18 Watch Tower
08:21 Watch Tower
08:23 Watch Tower
08:25 Watch Tower
08:26 Watch Tower
08:27 Watch Tower
15:17 Watch Tower
15:17 Watch Tower
15:18 Watch Tower
15:19 Watch Tower
15:19 Watch Tower
15:20 Watch Tower
15:22 Watch Tower
15:23 Watch Tower
15:23 Watch Tower
18:43 Watch Tower
18:43 Watch Tower
18:45 Watch Tower
18:46 Watch Tower
19:26 Great Hall
22:57 Watch Tower
22:58 Watch Tower
22:59 Watch Tower
22:59 Watch Tower
23:00 Watch Tower
23:01 Watch Tower
23:02 Watch Tower
23:03 Watch Tower
23:03 Watch Tower
23:05 Watch Tower
» items
| Boots of Speed | 1 | |
| Circlet of Nobility | 1 | |
| Staff of Teleportation | 1 | |
| Periapt of Vitality | 1 | |
| Orb of Lightning | 1 | |
| Scroll of Town Portal | 2 | |
| Potion of Mana | 1 | |
| Lesser Clarity Potion | 1 | |
9 total

»
toxic_117 (
orange | 43 APM | 1330 actions | 30:37)
5 Archmage
3 Blizzard
2 Brilliance Aura
3 Paladin
2 Holy Light
1 Divine Shield
» actions
| Build / train | 127 | |
| Enter build submenu | 26 | |
| Enter hero's abilities submenu | 8 | |
| Give item / drop item | 3 | |
| Remove unit from queue | 7 | |
| Right click | 576 | |
| Select / deselect | 480 | |
| Use ability | 103 | |
1330 total
» units
| Peasant | 15 | |
| Rifleman | 16 | |
| Footman | 1 | |
| Mortar Team | 13 | |
| Knight | 3 | |
| Siege Engine | 1 | |
| Flying Machine | 14 | |
63 total
» upgrades
| Gunpowder | 2 | |
| Armor | 2 | |
| Lumber Harvesting | 2 | |
| Long Rifles | 1 | |
| Fragmentation Shards | 1 | |
| Masonry | 3 | |
| Flare | 1 | |
| Animal War Training | 1 | |
| Barrage | 1 | |
| Plating | 1 | |
| Flak Cannons | 1 | |
16 total
» buildings
| Altar of Kings | 1 | |
| Barracks | 1 | |
| Farm | 12 | |
| Blacksmith | 1 | |
| Scout Tower | 5 | |
| Arcane Tower | 1 | |
| Arcane Vault | 1 | |
| Lumber Mill | 2 | |
| Town Hall | 1 | |
| Keep | 1 | |
| Castle | 1 | |
| Workshop | 1 | |
| Guard Tower | 4 | |
32 total
» build order
00:36 Altar of Kings
00:42 Barracks
00:47 Farm
01:12 Blacksmith
01:35 Farm
01:55 Scout Tower
02:22 Farm
02:24 Arcane Tower
02:53 Arcane Vault
03:02 Farm
03:08 Farm
03:15 Lumber Mill
04:02 Farm
05:16 Town Hall
05:36 Keep
08:17 Castle
08:21 Workshop
09:55 Farm
10:47 Farm
11:27 Farm
12:06 Farm
15:56 Farm
16:34 Farm
18:48 Scout Tower
18:53 Scout Tower
19:22 Guard Tower
19:37 Scout Tower
19:38 Guard Tower
20:29 Scout Tower
20:30 Guard Tower
21:01 Guard Tower
21:03 Lumber Mill
» items
| Scroll of Regeneration | 9 | |
| Mechanical Critter | 1 | |
| Boots of Speed | 1 | |
| Scroll of Healing | 1 | |
| Scroll of Town Portal | 7 | |
| Potion of Healing | 2 | |
| Potion of Invisibility | 1 | |
| Potion of Lesser Invulnerability | 2 | |
24 total
Chat log
(00:07 / All) TONYDUNGONYAY: NEIN
(00:17 / Allies) toxic_117: sup
(00:20 / All) GucciSuit: What's up, Fresh, it's our turn baby
(00:21 / All) KODOS_WAS_TAKEN: HEIL HITLER
(00:43 / All) TONYDUNGONYAY: vote obama 2012
(01:05 / All) GucciSuit: I'm not going to vote
(01:13 / All) GucciSuit: If I did vote I'd vote for the Ron Paul
(01:15 / All) TONYDUNGONYAY: i aint either too much effort
(01:27 / All) KODOS_WAS_TAKEN: I'm not in the US so I can't
(01:29 / All) massitems: system doesn't work for me
(03:06 / Allies) TONYDUNGONYAY: wood niggas
(03:13 / Allies) GucciSuit: I hope my bm wasn't nerfed
(03:33 / Allies) TONYDUNGONYAY: i think the whirlwhind duration was
(04:43 / Allies) TONYDUNGONYAY: lets get a shredder nigga
(05:30 / Allies) TONYDUNGONYAY: fucking racist dungy
(07:39 / Allies) GucciSuit: get me level 3 real quick
(08:20 / Allies) PokerTomrowNite: pink stop
(08:27 / Allies) PokerTomrowNite: buy a salve dumbass
(08:38 / Allies) GucciSuit: that's inefficient
(11:36 / Allies) toxic_117: lol i think theyre just giant noobs
(11:42 / Allies) PokerTomrowNite: why?
(11:54 / Allies) toxic_117: purple got everything raped. teal has grunts and hh
(13:19 / All) TONYDUNGONYAY: christ ur team sucks
(13:25 / All) KODOS_WAS_TAKEN: it's awful, I know
(13:30 / All) KODOS_WAS_TAKEN: rifle/mortar lol
(14:32 / Allies) PokerTomrowNite: pink spend your gold man
(14:38 / Allies) toxic_117: LOL
(14:49 / Allies) toxic_117: or share some with meee
(14:54 / All) abcdefl: gimme 100 gold
(15:21 / Allies) TONYDUNGONYAY: lagging like a nigger damn gooks are on internet too
(16:28 / All) GucciSuit: lawls
(16:32 / All) KODOS_WAS_TAKEN: pro peon micro
(16:34 / All) KODOS_WAS_TAKEN: burrows idiot
(16:39 / All) GucciSuit: GATOR BOOTS WITH THE PIMPED OUT GUCCI SUIT
(17:27 / Allies) PokerTomrowNite: my base
(17:31 / Allies) PokerTomrowNite: please
(17:49 / Allies) toxic_117: am I the only one with units!
(18:27 / Allies) TONYDUNGONYAY: nigger internet i swear
(19:56 / All) GucciSuit: I bet this is what Israel feels like when they pick on sand niggers
(20:02 / All) KODOS_WAS_TAKEN: lol
(22:22 / Allies) toxic_117: blue wtf you have 4k -________-
(22:29 / Allies) GucciSuit: 3,500 rather
(22:37 / Allies) toxic_117: uproot
(23:50 / All) KODOS_WAS_TAKEN: FREE XP
(25:52 / All) KODOS_WAS_TAKEN: raped
(25:57 / All) KODOS_WAS_TAKEN: I have sleep moron
(25:58 / All) PokerTomrowNite: noob
(26:03 / All) KODOS_WAS_TAKEN: lol
(26:24 / Allies) toxic_117: someone give me gold
(26:25 / Allies) TONYDUNGONYAY: me
(26:44 / Allies) TONYDUNGONYAY: ornage
(26:49 / Allies) TONYDUNGONYAY: hit yellow u moron
(26:51 / Allies) TONYDUNGONYAY: green is gonna stab
(27:01 / Allies) GucciSuit: I will staff
(27:08 / Allies) PokerTomrowNite: staff in
(27:11 / Allies) PokerTomrowNite: nvm
(27:23 / Allies) PokerTomrowNite: come t omy base
(27:26 / Allies) TONYDUNGONYAY: tp orange
(29:00 / All) PokerTomrowNite: owned
(29:01 / All) KODOS_WAS_TAKEN: purp threatened to base kill me unless I give him told
(29:04 / All) KODOS_WAS_TAKEN: I'd like to see him try
(29:33 / Allies) TONYDUNGONYAY: ignore green he is no threat
(30:06 / Allies) TONYDUNGONYAY: tp staff pink come
(30:21 / All) toxic_117: lol gg
(30:26 / All) KODOS_WAS_TAKEN: purp is threatening to kill my mine
(30:27 / Allies) GucciSuit: wtf man
(30:27 / All) TONYDUNGONYAY: faggot
(30:30 / All) TONYDUNGONYAY: i said green is no threat
(30:30 / All) toxic_117: red tks & everyone is a noob
(30:40 / Allies) GucciSuit: fag we did all the work this game
(30:48 / Allies) GucciSuit: the fuck did you do boi
(30:49 / All) TONYDUNGONYAY: is "everyone" orange too?
(31:02 / Allies) PokerTomrowNite: wtf pink
(31:04 / Allies) PokerTomrowNite: wtfp ink
(31:12 / All) KODOS_WAS_TAKEN: do not tk me purp
(31:21 / All) KODOS_WAS_TAKEN: dead bm
(31:22 / All) KODOS_WAS_TAKEN: nice
(31:24 / All) TONYDUNGONYAY: DEAD MK LAWL
(32:03 / Allies) GucciSuit: it's weird playing in 1980 1020
(32:05 / All) KODOS_WAS_TAKEN: shut the fuck up purple
(32:09 / All) KODOS_WAS_TAKEN: you have been begging for gold all game
(32:14 / All) KODOS_WAS_TAKEN: do something useful, jesus christ
(32:15 / All) TONYDUNGONYAY: wha tkind of monitor u got i just got new one
(32:17 / Allies) TONYDUNGONYAY: punche dmy old one
(32:20 / All) GucciSuit: 50 seconds
(32:22 / All) GucciSuit: fuck that is a NERF
(32:24 / All) KODOS_WAS_TAKEN: actually haven't gotten one yet
(32:28 / All) GucciSuit: I need them 10 seconds
(33:45 / Allies) PokerTomrowNite: kill a fuckin hero
(33:46 / Allies) PokerTomrowNite: pink
(33:57 / Allies) PokerTomrowNite: wtf
(34:04 / All) TONYDUNGONYAY: NEIN
(34:07 / All) TONYDUNGONYAY: FOR HITLER
(34:13 / All) KODOS_WAS_TAKEN: didn't even notice his bear
(34:24 / All) KODOS_WAS_TAKEN: FOR THE MASTER RACE
(34:37 / All) TONYDUNGONYAY: FOR DRAGON AGE 2, THE GREATEST RPG EVER
(34:46 / All) KODOS_WAS_TAKEN: purple, this is why you do not stab me with 2 heroes
(35:18 / Allies) PokerTomrowNite: you noobs are dumb
(35:20 / Allies) PokerTomrowNite: coulda won easy
(35:29 / Allies) GucciSuit: that's the joje
(35:31 / Allies) GucciSuit: joke
(35:33 / Allies) PokerTomrowNite: now yo ulose
(35:40 / Allies) GucciSuit: who cares if we do lose
(35:58 / Allies) PokerTomrowNite: what is wrong with you
(36:08 / Allies) GucciSuit: lawl
(36:09 / All) TONYDUNGONYAY: sorry lawl
(36:14 / All) TONYDUNGONYAY: that was failure to the max
(36:19 / Allies) GucciSuit: misfire
(36:24 / All) TONYDUNGONYAY: hes supposed to be the rusty one not me
(36:42 / Allies) GucciSuit: lkol
(36:43 / All) KODOS_WAS_TAKEN: good, he left
(36:51 / All) KODOS_WAS_TAKEN: hilarious that he tried killing my base with 2 heroes
(37:06 / All) TONYDUNGONYAY: yes it was sir
(37:17 / All) TONYDUNGONYAY: lvl dl
(38:01 / All) TONYDUNGONYAY: turncoat used to be hella good with his bm wyverns, still is i think
(38:20 / All) KODOS_WAS_TAKEN: wyverns are fun to micro, same with bm
(38:23 / All) KODOS_WAS_TAKEN: I like fiend/destroyer
(38:38 / All) TONYDUNGONYAY: he always buys circlets of nobility not sure why
(38:40 / All) TONYDUNGONYAY: they suck
(38:56 / All) KODOS_WAS_TAKEN: circlets are decent if you get no good item drops
(39:06 / All) GucciSuit: I like pendant of mana
(39:10 / All) GucciSuit: so I can spam wind walk
(39:14 / All) KODOS_WAS_TAKEN: I'd rather have a bunch of claws and pendants, but you can't always be lucky
(40:47 / All) KODOS_WAS_TAKEN: you need to upgrade your gryphons faster
(41:05 / All) TONYDUNGONYAY: i always keep them at 2/2
(41:08 / Allies) GucciSuit: lawl
(41:11 / Allies) GucciSuit: teal is still here
(42:48 / All) TONYDUNGONYAY: so u like dest better than griffs mk now?
(42:56 / All) KODOS_WAS_TAKEN: yes, much more fun
(43:04 / All) KODOS_WAS_TAKEN: hate HU heroes
(43:09 / All) TONYDUNGONYAY: is teal 0-0?
(43:17 / All) GucciSuit: MK rules lawl
(43:28 / All) GucciSuit: I've gotten over 30 hero kills with him in a somewhat legit game
(43:34 / All) GucciSuit: on "friends"
(43:44 / All) KODOS_WAS_TAKEN: MK is good, but he sucks until you get him at a higher level
(43:46 / All) GucciSuit: and over 25 on battle grounds the snow map
(43:50 / All) TONYDUNGONYAY: i think i was with u when u did that
(43:51 / All) KODOS_WAS_TAKEN: I feel like UD heroes are a lot stronger earlier on
(43:55 / All) KODOS_WAS_TAKEN: nice
(43:58 / All) GucciSuit: just need level 2 hammer time
(44:10 / All) TONYDUNGONYAY: in low ell games its so damn easy,
(44:18 / All) GucciSuit: level 3 hammer time is oodles of fun
(44:35 / All) GucciSuit: I like going DK only too
(44:40 / All) GucciSuit: and just coiling
(44:44 / All) KODOS_WAS_TAKEN: ud heroes can insta kill if you go dk/lich
(44:55 / All) KODOS_WAS_TAKEN: I prefer dk/dl though
(44:58 / All) GucciSuit: I've raped a lot of games with DK only like I do with BM
(45:05 / All) KODOS_WAS_TAKEN: sleep is so good to force tps and get hero kills, definitely underrated hero
(45:23 / All) KODOS_WAS_TAKEN: 5 acos and 2 banshees at bot hero shop if you want a little xp
(45:25 / All) GucciSuit: Warden with mass moon wells is fun
(45:31 / All) GucciSuit: Until they get tanks
(45:47 / All) GucciSuit: then I can't spam knives
(46:08 / All) TONYDUNGONYAY: u can go on my high ell accunt turncoat, somebody gave it to me nigga,
(46:10 / All) KODOS_WAS_TAKEN: teal is still in-game
(46:11 / All) GucciSuit: when people go warden only they always seem to get that hex
(46:14 / All) GucciSuit: instead of knives
(46:19 / All) GucciSuit: wrong move imo
(46:29 / All) KODOS_WAS_TAKEN: high ell search times are insane though. yes, shadow strike pales in comparison
(46:33 / All) GucciSuit: knives can rape whole armies
(46:50 / All) TONYDUNGONYAY: feed us shit nigga
(46:57 / All) GucciSuit: we don't have nayone on our side left
(46:58 / All) TONYDUNGONYAY: i want lvl 6 beastmaster
(47:00 / All) KODOS_WAS_TAKEN: told you, bot middle goblin shop
(47:11 / All) KODOS_WAS_TAKEN: once it's dead I'll remake it so I don't go into high upkeep
(47:16 / All) KODOS_WAS_TAKEN: 79/100
(47:34 / All) KODOS_WAS_TAKEN: teal is using his peons to try to mine
(47:41 / All) GucciSuit: FUCK
(47:42 / All) GucciSuit: FUCK!
(47:44 / All) KODOS_WAS_TAKEN: bot left expo
(47:45 / All) KODOS_WAS_TAKEN: ?
(47:49 / All) GucciSuit: WE GOT TO PUT A STOP TO THAT
(47:58 / All) GucciSuit: OH NO YOU DON'T!
(48:02 / All) KODOS_WAS_TAKEN: lols, he has 26 gold. would take a hilariously long time
(48:56 / All) TONYDUNGONYAY: watching jeopardy be back at 730 niggas
(49:00 / All) TONYDUNGONYAY: need to increase my intelligence
(49:05 / All) GucciSuit: JEOPARDY!
(49:08 / All) GucciSuit: I rape at that show
(49:16 / All) GucciSuit: I think I'd win if I got on there
(49:23 / All) TONYDUNGONYAY: it had som ehot ass chick in high school not too long ago, damn she was hot
(49:26 / All) KODOS_WAS_TAKEN: LMAO
(49:29 / All) KODOS_WAS_TAKEN: 100 GOLD PLZZ
(49:30 / All) KODOS_WAS_TAKEN: - teal
(49:34 / All) KODOS_WAS_TAKEN: sorr caps - teal
(49:41 / All) KODOS_WAS_TAKEN: he wants to rebuild
(49:43 / All) TONYDUNGONYAY: u got control nigga
(49:47 / All) KODOS_WAS_TAKEN: I think he is mad
(49:54 / All) GucciSuit: I usually get the final question too
(50:17 / All) GucciSuit: Questions about popular music I usually don't get right though
(50:30 / All) KODOS_WAS_TAKEN: I suck at its popular culture questions, but I'm good at other ones
(50:52 / All) KODOS_WAS_TAKEN: I suck at memorising fiction compared to memorising non-fiction
(51:02 / All) KODOS_WAS_TAKEN: teal just game me 1k lumber, no idea why
(51:12 / All) KODOS_WAS_TAKEN: Level 6 beast master
(51:29 / All) KODOS_WAS_TAKEN: I shall give you 100 gold to get one peon teal
(52:08 / All) KODOS_WAS_TAKEN: Have fun spending eternity getting 385 gold with 1 peon, teal
(52:32 / All) GucciSuit: Itachi do you read any good books
(52:52 / All) KODOS_WAS_TAKEN: I've read a few Stephen Hawking ones like The Grand Design. I also read the Elder Scrolls books semi-recently
(53:06 / All) GucciSuit: Do you like any history books
(53:09 / All) KODOS_WAS_TAKEN: Got The Darwin Awards for Christmas
(53:14 / All) GucciSuit: lawl
(53:21 / All) KODOS_WAS_TAKEN: I love history, but do more reading about it through the Internet
(53:26 / All) GucciSuit: Oh
(53:33 / All) GucciSuit: The good stuff is older books
(54:08 / All) KODOS_WAS_TAKEN: teal has 1 peon that is running for its life
(54:38 / All) TONYDUNGONYAY: back briefly
(54:56 / All) TONYDUNGONYAY: i like catcher in the rye
(54:58 / All) TONYDUNGONYAY: dracula
(55:00 / All) GucciSuit: Do you like Roman history
(55:01 / All) TONYDUNGONYAY: heidi
(55:02 / All) TONYDUNGONYAY: YES
(55:07 / All) TONYDUNGONYAY: assassins creed baby
(55:11 / All) KODOS_WAS_TAKEN: Romans are my favourite historical group, love them
(55:12 / All) GucciSuit: Read "The Roman Revolution" by Ronald Syme
(55:18 / All) TONYDUNGONYAY: whats it about
(55:18 / All) GucciSuit: All about my main man Augustus
(55:29 / All) TONYDUNGONYAY: takes place in same time as gladiator right?
(55:32 / All) KODOS_WAS_TAKEN: Caesar was awesome
(55:37 / All) GucciSuit: Lawl no
(55:46 / All) GucciSuit: Gladiator is pure fiction
(55:49 / All) KODOS_WAS_TAKEN: He turned a shitty republic into a military dictatorship, and made it great
(55:52 / All) TONYDUNGONYAY: maximus is based off real guy
(55:57 / All) GucciSuit: Commodus was actually a lot crazier in reality
(56:04 / All) GucciSuit: Not raelly
(56:26 / All) GucciSuit: And Commodus didn't do any shady shit to become emperor
(56:46 / All) TONYDUNGONYAY: but
(56:49 / All) TONYDUNGONYAY: that sa real book right
(56:49 / All) GucciSuit: He renamed Rome too
(56:52 / All) TONYDUNGONYAY: roman revolution?
(56:58 / All) GucciSuit: The senate
(57:03 / All) GucciSuit: Yes
(57:07 / All) GucciSuit: Not all the senate
(57:07 / All) KODOS_WAS_TAKEN: Consul was the name for the Senate, isn't it?
(57:08 / All) TONYDUNGONYAY: my mom has electric kendle boook, its called roman revolution right
(57:12 / All) GucciSuit: and there were more than 40
(57:21 / All) KODOS_WAS_TAKEN: Don't remember exact number
(57:22 / All) GucciSuit: The roman revolution by ronald Syme
(57:29 / All) TONYDUNGONYAY: hope its free
(57:31 / All) GucciSuit: IT's a few antagonists really
(57:38 / All) GucciSuit: Decimus Brutus and Marcus Brutus
(57:41 / All) GucciSuit: Cato
(57:44 / All) GucciSuit: Crassus
(57:49 / All) GucciSuit: Well Cato didn't join in I don't think
(57:50 / All) KODOS_WAS_TAKEN: I really want to learn Latin, I only know bits and pieces
(57:57 / All) KODOS_WAS_TAKEN: Cato was dead by then, wasn't he?
(58:03 / All) KODOS_WAS_TAKEN: Commited suicide I thought
(58:07 / All) GucciSuit: Not yet
(58:18 / All) GucciSuit: He committed suicide when Augustus Caesar was hunting them down
(58:24 / All) GucciSuit: and Mark Antony
(58:29 / All) KODOS_WAS_TAKEN: Family surgeon tried to put his intestines back in, but not knowing the intention, Cato disemboweled himself again
(58:50 / All) GucciSuit: Roman REvolution is a really good book
(58:56 / All) GucciSuit: There are no good biographies of Augustus
(58:57 / All) TONYDUNGONYAY: ill try it out
(59:00 / All) GucciSuit: That's the best you can get
(59:07 / All) TONYDUNGONYAY: i hope its based on truth like assassins creed series is,
(59:08 / All) KODOS_WAS_TAKEN: Latin spelling is fun, GAIVS IVLIVS CAESAR
(59:09 / All) GucciSuit: It's not a biography though
(59:16 / All) GucciSuit: lawl
(59:25 / All) TONYDUNGONYAY: lawl
(59:27 / All) KODOS_WAS_TAKEN: Finally, teal left
(59:29 / All) TONYDUNGONYAY: who gets loss
(59:30 / All) GucciSuit: It's influenced classicists
(59:38 / All) KODOS_WAS_TAKEN: My team sucked, I vote for it
(59:40 / All) GucciSuit: Reinvisioning Augustus
(59:42 / All) KODOS_WAS_TAKEN: Plus purp was a moron
(59:53 / All) TONYDUNGONYAY: u leave lets go on msn u niggers each other
(59:55 / All) KODOS_WAS_TAKEN: IN HOC SIGNO TAURUS VINCES
(59:56 / All) GucciSuit: Ever seen the HBO show "Rome"?